Map: Ruins of Seras

Players

Shura (Scarlett) - Winner!

  • Race: Zerg Zerg
  • League: Master

Monty

  • Race: Protoss Protoss
  • League: Grandmaster

Event: DreamHack ZOWIE Open Leipzig

VOD

Have the link to the VOD?

Description

Time

  • Played on: Jan. 22, 2016, 7:42 a.m.
  • Length: 10:25

All games in this series

Show
View Real Time Build Order
Export as new Build Order

Shura Zerg - Winner!

Build Orders: 3 Hatch before Pool, Roach Hydra Lurker 

Get SALT Encoding   

  12  0:00  Drone  
  13  0:08  Drone  
  14  0:18  Overlord  
  14  0:24  Extractor  
  14  0:25  Drone  
  15  0:37  Drone x2  
  17  0:53  Hatchery  
  16  0:57  Drone  
  16  1:00  Drone  
  18  1:08  Drone  
  19  1:23  Drone  
  20  1:30  Hatchery  
  19  1:41  Spawning Pool  
  19  1:44  Drone  
  19  1:47  Drone  
  19  1:52  Drone  
  21  1:59  Overlord  
  21  2:05  Drone  
  22  2:10  Drone  
  23  2:19  Drone  
  23  2:22  Drone  
  25  2:28  Queen x2  
  25  2:29  Zergling x2  
  30  2:33  Drone  
  31  2:39  Drone  
  31  2:43  Drone, Queen  
  35  2:46  Drone  
  35  2:48  Drone  
  37  2:56  Drone x2  
  39  3:01  Overlord  
  39  3:03  Queen  
  39  3:04  Overlord, Extractor  
  39  3:05  Extractor  
  39  3:10  Queen  
  41  3:13  Drone  
  43  3:20  Drone x3  
  43  3:21  Drone  
  46  3:27  Drone x2  
  46  3:32  Drone  
  49  3:36  Drone, Overlord  
  49  3:37  Drone x3  
  49  3:38  Drone  
  54  3:41  Drone  
  54  3:44  Drone  
  54  3:47  Drone x2  
  58  3:49  Extractor  
  58  3:52  Drone, Extractor  
  58  3:53  Drone  
  58  3:57  Drone x2  
  58  4:00  Drone x2  
  62  4:03  Lair  
  62  4:07  Roach Warren  
  62  4:08  Drone  
  62  4:12  Drone x3  
  62  4:14  Drone  
  66  4:17  Overlord  
  66  4:22  Evolution Chamber  
  66  4:24  Drone  
  66  4:25  Overlord  
  66  4:27  Metabolic Boost  
  66  4:30  Overlord  
  66  4:36  Drone  
  66  4:37  Drone x5  
  72  4:45  Drone x2  
  74  4:48  Zerg Missile Weapons Level 1  
  74  4:50  Roach x3  
  74  4:52  Evolution Chamber  
  79  4:55  Drone x2, Extractor  
  79  4:56  Drone x2, Extractor  
  79  4:57  Drone  
  79  4:58  Drone  
  83  5:01  Drone x2  
  83  5:03  Drone x2  
  87  5:07  Drone  
  87  5:11  Glial Reconstitution  
  88  5:15  Hydralisk Den  
  88  5:18  Overlord  
  88  5:20  Overlord  
  87  5:26  Zerg Ground Armor Level 1  
  87  5:27  Hatchery  
  86  5:31  Overlord  
  86  5:32  Overlord  
  86  5:38  Roach x2  
  86  5:40  Overlord  
  90  5:43  Hydralisk x5  
  90  5:45  Overseer  
  100  5:50  Hydralisk x3  
  100  5:53  Hydralisk  
  100  5:56  Lurker Den  
  108  6:03  Hydralisk x3  
  114  6:06  Roach x2  
  118  6:12  Roach x4  
  118  6:15  Roach  
  118  6:16  Overlord  
  120  6:30  Roach  
  120  6:31  Roach x7  
  122  6:34  Roach  
  122  6:39  Roach x2  
  112  6:46  Hydralisk  
  102  6:52  Hydralisk  
  104  6:58  Drone x4  
  108  7:01  Drone  
  108  7:05  Drone x3  
  112  7:08  Drone x2  
  114  7:17  Drone x7  
  121  7:24  Lurker x3  
  121  7:26  Drone x4  
  128  7:32  Overseer  
  128  7:38  Zerg Missile Weapons Level 2, Queen  
  128  7:39  Drone x5  
  131  7:58  Roach  
  131  7:59  Roach x5  
  139  8:08  Roach  
  139  8:09  Roach  
  139  8:10  Overlord x7  
  139  8:25  Infestation Pit  
  138  8:33  Hydralisk x2  
  138  8:34  Hydralisk x7  
  144  8:42  Overlord  
  144  8:47  Extractor x2  
  142  8:52  Hydralisk x5  
  142  8:53  Overlord  
  142  8:54  Overlord  
  152  8:58  Spore Crawler  
  152  9:02  Spore Crawler  
  150  9:03  Hydralisk  
  150  9:04  Hydralisk x3  
  150  9:06  Hatchery  
  157  9:11  Overlord x2  
  157  9:16  Zergling x2  
  155  9:19  Hydralisk  
  155  9:20  Hydralisk x4  
  159  9:29  Queen  
  161  9:33  Hydralisk x5  
  161  9:37  Drone x4  
  161  9:38  Drone x3  
  178  9:51  Spore Crawler  
  179  9:53  Drone x3  
  179  9:54  Hydralisk x2  
  186  10:00  Spore Crawler  
Show
View Real Time Build Order
Export as new Build Order

Monty Protoss 

Build Orders: Nexus First, Zealot Archon, Warp Prism Harass 

Get SALT Encoding   

  12  0:01  Probe (Chrono Boost)  
  13  0:12  Probe (Chrono Boost)  
  14  0:18  Pylon  
  14  0:25  Probe (Chrono Boost)  
  15  0:36  Probe (Chrono Boost)  
  16  0:47  Probe (Chrono Boost)  
  17  1:01  Nexus  
  17  1:13  Gateway  
  17  1:16  Probe (Chrono Boost)  
  18  1:21  Assimilator  
  18  1:27  Probe (Chrono Boost)  
  18  1:30  Assimilator  
  19  1:37  Probe (Chrono Boost)  
  20  1:45  Pylon  
  20  1:48  Probe (Chrono Boost)  
  21  1:58  Probe (Chrono Boost)  
  22  2:01  Cybernetics Core  
  22  2:09  Probe (Chrono Boost)  
  22  2:14  Probe (Chrono Boost)  
  26  2:20  Probe (Chrono Boost)  
  25  2:25  Probe (Chrono Boost)  
  26  2:30  Probe (Chrono Boost)  
  26  2:35  Probe (Chrono Boost)  
  28  2:38  Sentry, Warp Gate  
  28  2:41  Probe (Chrono Boost)  
  31  2:46  Mothership Core (Chrono Boost)  
  33  2:51  Probe (Chrono Boost)  
  34  3:02  Probe (Chrono Boost), Nexus  
  34  3:05  Probe (Chrono Boost)  
  37  3:12  Probe (Chrono Boost)  
  37  3:14  Pylon  
  37  3:15  Probe (Chrono Boost)  
  38  3:21  Pylon  
  38  3:23  Probe (Chrono Boost)  
  38  3:26  Probe (Chrono Boost)  
  40  3:33  Probe (Chrono Boost)  
  41  3:35  Twilight Council  
  41  3:37  Probe (Chrono Boost)  
  42  3:44  Probe (Chrono Boost)  
  42  3:47  Probe (Chrono Boost)  
  44  3:55  Probe (Chrono Boost)  
  45  3:56  Gateway  
  45  3:57  Gateway  
  45  3:58  Probe (Chrono Boost), Pylon  
  46  4:05  Probe (Chrono Boost)  
  46  4:08  Probe (Chrono Boost), Pylon  
  48  4:12  Pylon  
  48  4:13  Charge (Chrono Boost)  
  48  4:15  Probe (Chrono Boost)  
  49  4:17  Probe (Chrono Boost)  
  49  4:19  Probe (Chrono Boost)  
  51  4:25  Robotics Facility  
  51  4:30  Probe x2 (Chrono Boost)  
  53  4:32  Probe (Chrono Boost)  
  53  4:38  Gateway  
  54  4:39  Gateway  
  54  4:42  Gateway  
  54  4:50  Gateway  
  54  4:52  Gateway  
  54  4:59  Gateway  
  54  5:00  Probe (Chrono Boost)  
  54  5:01  Gateway, Probe (Chrono Boost)  
  54  5:03  Zealot  
  58  5:07  Zealot x2  
  58  5:08  Probe  
  58  5:10  Probe  
  64  5:14  Warp Prism (Chrono Boost)  
  66  5:25  Zealot  
  68  5:30  Zealot x2  
  68  5:31  Probe  
  68  5:33  Probe  
  74  5:36  Zealot, Pylon  
  74  5:37  Zealot x2  
  80  5:50  Zealot x5  
  80  5:56  Pylon  
  90  5:57  Pylon x2  
  90  6:06  Zealot  
  90  6:07  Zealot x4  
  90  6:11  Zealot x3  
  104  6:28  Zealot x4  
  104  6:29  Zealot x3  
  106  6:34  Zealot x3  
  82  6:47  Stargate  
  82  6:52  Stargate  
  80  6:54  Immortal  
  80  6:55  Probe  
  80  6:57  Sentry x2, Probe  
  80  6:58  Sentry, Zealot x3  
  80  6:59  Zealot  
  94  7:13  Zealot x3  
  98  7:17  Assimilator  
  98  7:21  Probe, Assimilator  
  99  7:23  Probe  
  100  7:30  Probe  
  100  7:31  Templar Archives  
  100  7:33  Probe, Assimilator  
  100  7:34  Assimilator  
  100  7:36  Phoenix x2 (Chrono Boost)  
  109  7:44  Probe x2  
  109  7:45  Probe  
  111  7:51  Forge  
  111  7:54  Observer  
  111  7:56  Probe  
  68  7:58  Zealot x2, Phoenix (Chrono Boost)  
  110  7:59  Zealot x5  
  122  8:06  Pylon  
  122  8:07  Pylon  
  122  8:09  Pylon  
  114  8:16  Zealot x3  
  82  8:23  Zealot x4  
  92  8:27  Phoenix (Chrono Boost)  
  92  8:28  Phoenix (Chrono Boost)  
  77  8:35  Observer  
  74  8:42  Sentry, Zealot  
  74  8:43  Sentry  
  74  8:44  Zealot x2  
  74  8:45  Zealot  
  78  8:49  Phoenix (Chrono Boost)  
  80  8:59  Pylon  
  82  9:03  Phoenix (Chrono Boost)  
  82  9:05  Pylon  
  82  9:14  Immortal  
  86  9:30  Nexus  
  86  9:33  Pylon x2  
  86  9:35  Pylon  
  86  9:49  Zealot x2, High Templar x2  
  86  9:50  Zealot x2  
  98  9:53  Archon  
  98  10:01  High Templar  
  100  10:11  High Templar  
  100  10:12  Zealot x2  
  110  10:17  Archon  
  105  10:22  Zealot x3  

Tags
 
Add a new tag
Caveats
  • Supply blocks, unpowered buildings, or Contaminate may cause inaccurate times.
  • Supply counts are checked every 10 seconds.